 Dungeon Crawl Stone Soup version 0.29-a0-409-gd843f3a48c (webtiles) character file.

Game seed: 12814464621867232812

5796 Hubjo the Thaumaturge (level 10, -5/60 HPs)
             Began as a Deep Elf Fire Elementalist on May 13, 2022.
             Was an Elder of the Shining One.
             Slain by an orc warrior
             ... wielding a +2 vampiric trident
              (13 damage)
             ... on level 9 of the Dungeon.
             The game lasted 00:22:17 (11186 turns).

Hubjo the Thaumaturge (Deep Elf Fire Elementalist) Turns: 11186, Time: 00:22:18

Health: -5/60      AC:  9    Str:  7    XL:     10   Next: 50%
Magic:  25/25      EV: 17    Int: 31    God:    the Shining One [****..]
Gold:   677        SH:  0    Dex: 17    Spells: 19/28 levels left

rFire   . . .      SeeInvis +   j - +8 dagger "Rosauf Uniri" {flame, Fly Str+4 Int+8}
rCold   . . .      Faith    .   (no shield)
rNeg    + + .      Spirit   .   w - +1 steam dragon scales
rPois   +          Reflect  .   (no helmet)
rElec   .          Harm     .   o - +0 cloak {rPois}
rCorr   .          Rampage  .   (no gloves)
Will    +....                   (no boots)
Stlth   +.........              (no amulet)
HPRegen 0.20/turn               g - +4 ring of evasion
MPRegen 0.19/turn               x - ring of poison resistance

@: confused, ambrosia-drunk, flying, glowing
A: talons 1, iridescent scales 1, see invisible, weak 1
a: Renounce Religion, Divine Shield, Cleansing Flame


You were on level 9 of the Dungeon.
You worshipped the Shining One.
The Shining One was greatly pleased with you.
You visited 2 branches of the dungeon, and saw 10 of its levels.
You also visited: Ossuary.

You collected 677 gold pieces.

Inventory:

Hand Weapons
 i - a +2 dagger of draining
 j - the +8 dagger "Rosauf Uniri" (weapon) {flame, Fly Str+4 Int+8}
   (You found it on level 2 of the Dungeon)

   It burns those it strikes, dealing additional fire damage.
   Str:       It affects your strength (+4).
   Int:       It affects your intelligence (+8).
   Fly:       It grants you flight.
 p - a +6 dagger
Missiles
 m - 6 curare-tipped darts
 r - a throwing net
Armour
 a - a +0 robe
 o - a +0 cloak of poison resistance (worn)
 w - +1 steam dragon scales (worn)
Jewellery
 g - a +4 ring of evasion (left hand)
 x - a ring of poison resistance (right hand)
 D - a ring of fire
Wands
 f - a wand of flame (31)
 t - a wand of polymorph (10)
 B - a wand of iceblast (10)
Scrolls
 q - 3 scrolls of fog
 u - a scroll of poison
 y - 3 scrolls of identify
 A - a scroll of magic mapping
Potions
 b - a potion of magic
 c - a potion of might {unknown}
 d - a potion of brilliance {unknown}
 e - a potion of invisibility {unknown}
 h - a potion of lignification {unknown}
 k - a potion of attraction {unknown}
 l - a potion of curing
 n - 2 potions of haste {unknown}
 v - a potion of berserk rage {unknown}
 z - a potion of degeneration {unknown}
 C - a potion of cancellation {unknown}
 E - a potion of flight {unknown}


   Skills:
 + Level 6.1 Fighting
 - Level 2.4 Dodging
 + Level 9.5 Stealth
 + Level 9.8 Spellcasting
 - Level 1.1 Conjurations
 - Level 6.7 Fire Magic
 - Level 7.8 Air Magic
 * Level 1.9 Invocations


You had 19 spell levels left.
You knew the following spells:

 Your Spells              Type           Power      Damage    Failure   Level
a - Foxfire               Conj/Fire      100%       2x1d9     1%          1
b - Flame Wave            Conj/Fire      39%        2d9       7%          4
c - Airstrike             Air            29%        N/A       1%          4

Your spell library contained the following spells:

 Spells                   Type           Power      Damage    Failure   Level
 Shock                    Conj/Air       100%       1d9       1%          1
 Corpse Rot               Necr/Air       78%        N/A       1%          2
 Scorch                   Fire           100%       2d10      1%          2
 Conjure Flame            Conj/Fire      39%        6-21      1%          3
 Swiftness                Air            59%        N/A       1%          3
 Inner Flame              Hex/Fire       36%        N/A       2%          3
 Animate Skeleton         Necr           30%        N/A       3%          1
 Apportation              Tloc           30%        N/A       3%          1
 Summon Small Mammal      Summ           60%        N/A       3%          1
 Cause Fear               Hex            7%         N/A       32%         4
 Dispel Undead            Necr           15%        3d10      32%         4
 Death Channel            Necr           7%         N/A       99%         6
 Discord                  Hex            7%         N/A       100%        8


Dungeon Overview and Level Annotations

Branches:
Dungeon (9/15)             Temple (1/1) D:6             Orc (0/2) D:9
Ossuary (visited)
   Lair: D:8-11

Altars:
Dithmenos
Elyvilon
Fedhas
Gozag
Hepliaklqana
Kikubaaqudgha
Makhleb
Nemelex Xobeh
Qazlal
Ru
Sif Muna
Uskayaw
Wu Jian
Zin
The Shining One

Shops:
D:4 (   D:5 (

Annotations:
D:9 2 runed translucent doors


Innate Abilities, Weirdness & Mutations

You have sharp toenails.
You are partially covered in iridescent scales. (AC +2)
You have supernaturally acute eyesight. (SInv)
You are weak. (Str -2)


Message History

The orc is moderately wounded.
You conjure some foxfire!
The orc priest mumbles some strange prayers to Beogh against you.
Beogh smites you!
You hear a shout! x2
There is not enough space to conjure foxfire!
The foxfire hits the orc but does no damage.
The orc is moderately wounded.
You conjure some foxfire!
The foxfire hits the orc wizard!
The orc wizard is severely wounded.
The orc wizard gestures at you while chanting.
The puff of flame hits you!
You conjure some foxfire!
The orc warrior hits you from afar with a +2 vampiric trident.
The foxfire hits the orc wizard.
You kill the orc wizard!
An orc wizard comes into view. It is wielding a +0 dagger.
The orc warrior hits you from afar with a +2 vampiric trident.
An orc comes into view. It is wielding a +0 dagger.
The orc warrior misses you.
Things that are here:
a +0 dagger; a +0 robe; an orc corpse You barely miss the orc warrior.
The orc shouts!
You hear a shout!
You hear a croak.
The orc warrior hits you with a +2 vampiric trident.
You puncture the orc warrior! You burn the orc warrior.
Your kick misses the orc warrior.
The orc warrior is moderately wounded.
The orc priest begins to cast a cantrip, but forgets the words!
The orc warrior hits you with a +2 vampiric trident!
* * * LOW HITPOINT WARNING * * *
The orc warrior draws strength from your wounds!
You are confused.
You feel invigorated.
A bullfrog comes into view.
The orc warrior hits you with a +2 vampiric trident!
* * * LOW HITPOINT WARNING * * *
The orc warrior hits you from afar with a +2 vampiric trident!
You die...

##..........## #.##
#............## ##.#
##.............###
#..#
#................##
#..#
#.........###.....##
##.## #)))......#
###....###..# ##
#.>......##
##.....#..# #.
#........#
####......# ##.
#........#
#.@.......# #..
#....##.##
#)####....# #..
....###.# #o# ##...#
##.. ........#


#oo ##..# #... ###.....## #ooo #...# #... #####..## #..>. #...# ##.. ##...#
#..).. ....######.. #....# #8...8# ........ ###### ###F### .######. You could
see an orc warrior, an orc priest and an orc.

Vanquished Creatures
  A two-headed ogre (D:8)
  Erica (D:8)
  Maggie (D:6)
  3 yaks (D:8)
  A steam dragon (D:8)
  2 vampire mosquitoes (D:6)
  4 water moccasins
  An ice beast (D:7)
  A centaur (D:8)
  3 ogres
  A phantom (D:6)
  3 kobold brigands
  An elf zombie (Ossuary)
  2 bullfrogs (D:8)
  2 gnoll sergeants
  3 scorpions
  12 wights
  A centaur zombie (Ossuary)
  7 jellies
  4 hounds
  A gnoll shaman (D:6)
  6 orc priests
  Crazy Yiuf (D:2)
  Jessica (D:3)
  6 orc wizards
  Ijyb (D:5)
  3 iguanas
  3 mummies
  Robin (D:3)
  17 gnolls
  7 adders
  2 shadow imps
  A white imp (D:7)
  An ufetubus (D:6)
  A worm (D:4)
  A dart slug (D:1)
  28 orcs
  4 endoplasms
  8 giant cockroaches
  16 goblins
  6 hobgoblins
  3 jackals (D:2)
  9 quokkas
  5 ball pythons
  A bat (D:1)
  3 frilled lizards
  5 gnoll zombies (Ossuary)
  4 goblin zombies (Ossuary)
  A hobgoblin zombie (Ossuary)
  10 kobolds
  2 orc zombies (Ossuary)
  6 rats
218 creatures vanquished.

Vanquished Creatures (collateral kills)
  5 foxfires (D:5)
5 creatures vanquished.

Vanquished Creatures (others)
  844 foxfires
  2 fungi (D:2)
  4 plants (D:5)
  3 withered plants (D:7)
853 creatures vanquished.

Grand Total: 1076 creatures vanquished

Notes
Turn   | Place    | Note
-------+----------+-------------------------------------------
     0 | D:1      | Hubjo the Deep Elf Fire Elementalist began the quest for
                  | the Orb.
     0 | D:1      | Reached XP level 1. HP: 10/10 MP: 6/6
   415 | D:1      | Found a faded altar of an unknown god.
   415 | D:1      | Noticed an eye of devastation
   420 | D:1      | Noticed a golden eye
   420 | D:1      | Noticed an eye of devastation
   420 | D:1      | Noticed a great orb of eyes
   426 | D:1      | Prayed at the altar of an unknown god.
   426 | D:1      | Became a worshipper of the Shining One
   426 | D:1      | Reached * piety under the Shining One
   593 | D:1      | Reached XP level 2. HP: 16/16 MP: 5/8
   993 | D:1      | Reached skill level 1 in Fighting
  1142 | D:2      | Identified the +8 dagger "Rosauf Uniri" {flame, Fly Str+4
                  | Int+8}
  1428 | D:2      | Reached XP level 3. HP: 20/20 MP: 9/9
  1954 | D:2      | Found a runed translucent door.
  1955 | D:2      | Noticed Crazy Yiuf
  1960 | D:2      | HP: 1/20 [Crazy Yiuf/+2 quarterstaff of chaos (8)]
  1961 | D:2      | Gained mutation: Your flesh is heat resistant. (rF+)
                  | [potion of mutation]
  1963 | D:2      | Killed Crazy Yiuf
  2497 | D:3      | Reached XP level 4. HP: 26/26 MP: 11/11
  2515 | D:3      | Noticed Robin
  2523 | D:3      | Killed Robin
  2760 | D:3      | Noticed Jessica
  2771 | D:3      | Killed Jessica
  2772 | D:3      | Reached XP level 5. HP: 31/31 MP: 6/13
  2777 | D:3      | Learned a level 4 spell: Flame Wave
  3172 | D:3      | Lost mutation: Your flesh is heat resistant. (rF+) [potion
                  | of mutation]
  3172 | D:3      | Gained mutation: You have supernaturally acute eyesight.
                  | (SInv) [potion of mutation]
  3172 | D:3      | Gained mutation: You are weak. (Str -2) [potion of
                  | mutation]
  3172 | D:3      | Gained mutation: You have sharp toenails. [potion of
                  | mutation]
  3172 | D:3      | Gained mutation: You are partially covered in iridescent
                  | scales. (AC +2) [potion of mutation]
  3226 | D:4      | Reached ** piety under the Shining One
  3258 | D:4      | Reached XP level 6. HP: 35/36 MP: 0/15
  3716 | D:4      | You are sucked into a shaft and drop 2 floors!
  3725 | D:5      | Entered Level 5 of the Dungeon
  3736 | D:5      | Reached skill level 5 in Spellcasting
  3736 | D:5      | Reached skill level 5 in Fire Magic
  4059 | D:5      | Reached XP level 7. HP: 41/41 MP: 8/16
  4146 | D:5      | Reached skill level 5 in Stealth
  4345 | D:5      | Found a hide-covered altar of Uskayaw.
  4467 | D:5      | Found a glowing drain.
  4663 | D:5      | Noticed Ijyb
  4687 | D:5      | Killed Ijyb
  4820 | D:5      | Found a sacrificial altar of Ru.
  4864 | D:5      | Found Niattug's Weapon Shop.
  5001 | D:4      | Found Cagookh's Weapon Shoppe.
  5582 | D:6      | Reached XP level 8. HP: 44/48 MP: 10/19
  5651 | D:6      | Learned a level 4 spell: Airstrike
  5845 | D:6      | Reached skill level 1 in Air Magic
  6012 | D:6      | Noticed Maggie
  6024 | D:6      | Killed Maggie
  6100 | D:6      | Found a staircase to the Ecumenical Temple.
  6115 | D:6      | Reached *** piety under the Shining One
  6410 | Temple   | Entered the Ecumenical Temple
  6842 | D:6      | Found a blossoming altar of Fedhas.
  6911 | D:6      | Found an opulent altar of Gozag.
  7395 | D:7      | Reached XP level 9. HP: 52/52 MP: 14/22
  7660 | D:7      | Found a sand-covered staircase.
  7671 | Ossuary  | Entered an ossuary
  7723 | Ossuary  | Reached skill level 5 in Air Magic
  7730 | Ossuary  | Reached **** piety under the Shining One
  7969 | D:7      | Found an ancient bone altar of Kikubaaqudgha.
  8241 | D:7      | Reached skill level 5 in Fighting
  9155 | D:8      | Noticed Erica
  9167 | D:8      | Killed Erica
  9168 | D:8      | Reached XP level 10. HP: 18/59 MP: 15/25
  9421 | D:8      | Noticed a two-headed ogre
  9439 | D:8      | HP: 3/60 [two-headed ogre/+0 giant club (15)]
  9439 | D:8      | The Shining One protects you from harm!
  9443 | D:8      | Killed a two-headed ogre
 10368 | D:9      | Found a large runed translucent door.
 10370 | D:9      | Found a large runed translucent door.
 10375 | D:9      | Noticed a two-headed ogre
 10708 | D:9      | Reached skill level 1 in Invocations
 11163 | D:9      | Found a staircase to the Orcish Mines.
 11185 | D:9      | HP: 3/60 [orc warrior/+2 vampiric trident (11)]
 11186 | D:9      | Slain by an orc warrior

Illustrated notes

Levels and vault maps discovered:
D:1:      wander_arrival_lonely_grave, layout_loops_ring,
          hellmonk_ecumenical_altar_watching_god
D:2:      layout_basic, uniq_crazy_yiuf_cottage
D:3:      layout_basic, uniq_jessica, uniq_robin
D:4:      layout_basic, serial_shops, shop, patterned_corridor
D:5:      layout_basic, mainiacjoe_overflow_chevrons,
          mainiacjoe_overflow_boulevard, serial_shops, shop,
          gup_sewer_entry_pipe, uniq_ijyb
D:6:      layout_basic, fedhas_altar_2, mainiacjoe_overflow_surrounded_room,
          minmay_temple_entry_water_ring, serial_curves, eino_curves_04,
          eino_curves_03, uniq_maggie
D:7:      layout_basic, kiku_gazebo_garden_becter, gup_ossuary_entry_pyramid
D:8:      layout_loops_ring, chequers_serial_rivers_large_a, uniq_erica
D:9:      layout_cave_pods, minmay_overflow_temple_star_hex,
          minmay_orc_entry_temple_small, minmay_hollow_rounded_squares
Temple:   compressed_dpeg_circular_temple

Skill      XL: |  1  2  3  4  5  6  7  8  9 10 |
---------------+-------------------------------+-----
Fighting       | 1 2 3 4 5 6 |  6.1
Stealth        | 3 4 5 7 8 9 |  9.5
Spellcasting   | 4 5 6 7 9 |  9.8
Fire Magic     | 4 5 6 |  6.7
Air Magic      | 4 7 |  7.8
Invocations    | 1 |  1.9
Dodging        | |  2.4
Conjurations   | |  1.1

Action                   |  1- 3 |  4- 6 |  7- 9 | 10-12 || total
-------------------------+-------+-------+-------+-------++-------
Melee: Dagger            |    35 |    43 |   113 |    42 ||   233
       Kick              |       |     3 |    35 |    14 ||    52
       Punch             |       |       |     3 |     1 ||     4
 Cast: Foxfire           |    54 |    85 |   241 |   121 ||   501
       Flame Wave        |       |       |     1 |       ||     1
       Airstrike         |       |       |       |     4 ||     4
Invok: Cleansing Flame   |       |       |     2 |       ||     2
       Divine Shield     |       |       |       |     2 ||     2
  Use: Potion            |     2 |     2 |     1 |     9 ||    14
       Scroll            |     2 |     4 |     5 |     2 ||    13
Armor: Robe              |     7 |     3 |     5 |       ||    15
       Steam dragon scal |       |       |    31 |     9 ||    40
Dodge: Dodged            |    17 |    37 |   146 |    50 ||   250
Block: Other             |       |       |       |     3 ||     3

Table legend: (Time is in decaauts)
 A = Elapsed time spent in this place.
 B = Non-inter-level travel time spent in this place.
 C = Inter-level travel time spent in this place.
 D = Time resting spent in this place.
 E = Time spent auto-exploring this place.
 F = Levels seen in this place.
 G = Mean time per level.
                   A        B        C        D        E       F      G
               +--------+--------+--------+--------+--------+-----+--------+
         Total |  11186 |  10798 |    388 |    568 |   8431 |  11 | 1016.9 |
       Dungeon |  10803 |  10415 |    388 |    568 |   8222 |   9 | 1200.3 |
        Temple |    172 |    172 |      0 |      0 |     65 |   1 |  172.0 |
       Ossuary |    210 |    210 |      0 |      0 |    144 |   1 |  210.0 |
               +--------+--------+--------+--------+--------+-----+--------+

Top non-repeatable levels by time:
     D:8: 1820 daAuts
     D:6: 1651 daAuts
     D:2: 1266 daAuts
     D:5: 1205 daAuts
     D:4: 1184 daAuts
     D:7: 1129 daAuts
     D:1: 1085 daAuts
     D:3: 820 daAuts
     D:9: 640 daAuts
 Ossuary: 210 daAuts
  Temple: 172 daAuts
